 Dungeon Crawl Stone Soup version 0.28.0-45-g0d030f2227 (webtiles) character file.

Game seed: 4176794252775826358

1729 Jerry the Cudgeller (level 8, 0/80 HPs)
             Began as a Troll Berserker on Mar 30, 2022.
             Was a Priest of Trog.
             Slain by an ice beast (11 damage)
             ... on level 6 of the Dungeon.
             The game lasted 00:14:23 (3929 turns).

Jerry the Cudgeller (Troll Berserker)               Turns: 3929, Time: 00:14:24

Health: 0/80       AC:  4    Str: 26    XL:     8   Next: 76%
Magic:  7/7        EV: 11    Int:  5    God:    Trog [***...]
Gold:   269        SH:  0    Dex:  9    Spells: 7/7 levels left

rFire   . . .      SeeInvis .   l - +1 flail (vorpal)
rCold   . . .      Faith    .   (no shield)
rNeg    . . .      Spirit   .   b - +0 animal skin
rPois   .          Reflect  .   j - +0 hat
rElec   .          Harm     .   (no cloak)
rCorr   .          Rampage  .   (gloves unavailable)
Will    ++...                   (boots unavailable)
Stlth   +.........              (no amulet)
HPRegen 2.03/turn               (no ring)
MPRegen 0.10/turn               (no ring)

@: strong-willed, on berserk cooldown, regenerating, slowed, very slow
A: large, unfitting armour, claws 3, regeneration 1, shaggy fur 1, tough skin 1
a: Renounce Religion, Berserk, Trog's Hand


You were on level 6 of the Dungeon.
You worshipped Trog.
Trog was most pleased with you.
You visited 1 branch of the dungeon, and saw 6 of its levels.

You collected 269 gold pieces.

Inventory:

Hand Weapons
 l - a +1 vorpal flail (weapon)
 o - a +0 whip
 r - a +0 giant spiked club
Missiles
 u - 7 boomerangs (quivered)
 v - 11 poisoned darts
Armour
 b - a +0 animal skin (worn)
 j - a +0 hat (worn)
Jewellery
 p - an amulet of magic regeneration
Wands
 n - a wand of polymorph (6)
Scrolls
 a - a scroll of immolation {unknown}
 c - a scroll of enchant armour {unknown}
 e - a scroll of amnesia {unknown}
 f - 3 scrolls of blinking {unknown}
 h - 3 scrolls of enchant weapon {unknown}
 i - a scroll of torment {unknown}
 m - 3 scrolls of identify {unknown}
 s - 2 scrolls of fear {unknown}
 x - a scroll of teleportation {unknown}
Potions
 d - a potion of attraction {unknown}
 g - a potion of flight {unknown}
 k - a potion of brilliance {unknown}
 q - a potion of degeneration {unknown}
 t - a potion of lignification {unknown}
 w - 2 potions of curing


   Skills:
 + Level 5.2 Fighting
 * Level 7.8 Maces & Flails
 + Level 5.3 Dodging


You had 7 spell levels left.
You didn't know any spells.
Your spell library was empty.

Dungeon Overview and Level Annotations

Branches:
Dungeon (6/15)
 Temple: D:4-7

Altars:
Vehumet
Yredelemnul
The Shining One


Innate Abilities, Weirdness & Mutations

You are too large for most types of armour.
You have claws for hands.
Your natural rate of healing is unusually fast.
You are covered in fur. (AC +1)
You have tough skin. (AC +1)


Message History

The ice beast is moderately wounded.
The ice beast closely misses you. The ice beast hits you.
The ice beast freezes you!
You thump the ice beast!
The ice beast is severely wounded.
The ice beast hits you but does no damage.
You closely miss the ice beast.
The ice beast is severely wounded.
The ice beast hits you but does no damage.
The ice beast hits you. The ice beast freezes you!
* * * LOW HITPOINT WARNING * * *
You hit the ice beast but do no damage.
The ice beast is severely wounded.
The ice beast hits you but does no damage.
You closely miss the ice beast.
The ice beast is severely wounded.
The ice beast hits you.
* * * LOW HITPOINT WARNING * * *
The ice beast freezes you.
* * * LOW HITPOINT WARNING * * *
The ice beast closely misses you.
Your skin crawls.
You feel strong-willed. The ice beast barely misses you.
You barely miss the ice beast.
The ice beast is severely wounded.
The ice beast hits you but does no damage. x2
You hit the ice beast but do no damage.
The ice beast is severely wounded.
The ice beast hits you but does no damage.
You hit the ice beast.
The ice beast is almost dead.
The ice beast hits you.
* * * LOW HITPOINT WARNING * * *
The ice beast freezes you.
* * * LOW HITPOINT WARNING * * *
The ice beast hits you.
* * * LOW HITPOINT WARNING * * *
The ice beast freezes you!
You die...

.. # # #.# ##. .#..8.
.. .#.. ..#. ##.###..8
8.8.. ...#.>....# ....#
.. .......Y).# .8.. ..B
. ###@#####.### #.##
.#.#.....#.....#.....
..#.....#..⌠..#... #.
#.....[....⌠⌠⌠..... ..
#..#...[.#..⌠..#.. #.
#..#.....#.....#.. #.
#..###.#####.#####.###.
#......).#.....#.......
#.#####..#..#..#...##..


You could see an ice beast.

Vanquished Creatures
  Sigmund (D:4)
  A vampire mosquito (D:6)
  An ice beast (D:6)
  3 necrophages
  2 ogres
  A phantom (D:4)
  Blork the orc (D:4)
  2 scorpions (D:6)
  A water moccasin zombie (D:6)
  A water moccasin skeleton (D:6)
  A howler monkey (D:5)
  A bullfrog zombie (D:5)
  4 hounds
  A quasit (D:5)
  2 orc priests (D:5)
  2 iguanas
  2 orc wizards
  5 gnolls
  3 adders
  2 adder skeletons
  A worm (D:2)
  3 dart slugs (D:3)
  9 orcs
  2 bats
  10 endoplasms
  5 giant cockroaches (D:1)
  5 goblins
  6 hobgoblins
  5 jackals (D:1)
  3 quokkas
  10 ball pythons
  2 frilled lizards (D:2)
  A goblin skeleton (D:5)
  A goblin zombie (D:5)
  2 hobgoblin zombies (D:5)
  7 kobolds
  3 kobold zombies (D:5)
  3 orc skeletons (D:5)
  6 rats
121 creatures vanquished.

Notes
Turn   | Place    | Note
-------+----------+-------------------------------------------
     0 | D:1      | Jerry the Troll Berserker began the quest for the Orb.
     0 | D:1      | Reached XP level 1. HP: 22/22 MP: 0/0
     1 | D:1      | Found a runed translucent door.
   102 | D:1      | Reached skill level 3 in Maces & Flails
   163 | D:1      | Reached XP level 2. HP: 27/29 MP: 1/1
   580 | D:1      | Reached XP level 3. HP: 33/36 MP: 2/2
   699 | D:1      | Reached ** piety under Trog
   968 | D:2      | Reached XP level 4. HP: 31/44 MP: 3/3
   988 | D:2      | Found a faded altar of an unknown god.
  1762 | D:3      | Reached skill level 4 in Maces & Flails
  2091 | D:4      | Noticed Sigmund
  2219 | D:3      | Reached XP level 5. HP: 28/53 MP: 4/4
  2338 | D:4      | Noticed a necrophage
  2349 | D:4      | Killed a necrophage
  2350 | D:4      | Reached XP level 6. HP: 61/61 MP: 5/5
  2404 | D:4      | Killed Sigmund
  2405 | D:4      | Reached skill level 5 in Maces & Flails
  2537 | D:4      | Noticed Blork the orc
  2589 | D:4      | Killed Blork the orc
  2789 | D:5      | Entered Level 5 of the Dungeon
  2801 | D:5      | Reached XP level 7. HP: 68/68 MP: 6/6
  2940 | D:4      | Reached *** piety under Trog
  3056 | D:5      | Found a glowing golden altar of the Shining One.
  3074 | D:5      | Reached skill level 6 in Maces & Flails
  3128 | D:5      | Found a radiant altar of Vehumet.
  3141 | D:5      | Found a basalt altar of Yredelemnul.
  3390 | D:5      | Reached XP level 8. HP: 79/79 MP: 7/7
  3801 | D:6      | Reached skill level 7 in Maces & Flails
  3826 | D:6      | Noticed a boulder beetle
  3837 | D:6      | Reached skill level 5 in Dodging
  3839 | D:6      | Reached skill level 5 in Fighting
  3929 | D:6      | Slain by an ice beast

Illustrated notes

Levels and vault maps discovered:
D:1:      dpeg_arrival_caged_fury, layout_loops_ring, minmay_misc_feat_ornament
D:2:      layout_loops_ring, hellmonk_ecumenical_altar_lost_god,
          corexii_corridor_pit, hangedman_abyss_or_decor_stabs, chequers_avenue
D:3:      layout_rooms, kennysheep_cross_room
D:4:      layout_rooms, kennysheep_minor_cross, minmay_box_of_dots,
          uniq_blork_the_orc, uniq_sigmund
D:5:      layout_rooms, nicolae_tso_besieged_by_evil,
          chequers_temple_overflow_statue_of_worship
D:6:      layout_basic, minmay_chambers_of_fives, uniq_crazy_yiuf_cottage,
          uniq_grinder

Skill      XL: |  1  2  3  4  5  6  7  8 |
---------------+-------------------------+-----
Maces & Flails | 3 4 5 6 7 |  7.8
Dodging        | 3 4 5 |  5.3
Fighting       | 3 4 5 |  5.2

Action                   |  1- 3 |  4- 6 |  7- 9 || total
-------------------------+-------+-------+-------++-------
Melee: Mace              |   134 |    68 |       ||   202
       Punch             |     1 |     4 |     1 ||     6
       Whip              |       |    65 |       ||    65
       Flail             |       |    12 |   215 ||   227
       Unarmed           |       |     9 |       ||     9
Throw: Dart              |       |     4 |     4 ||     8
       Boomerang         |       |       |     3 ||     3
Invok: Berserk           |       |     3 |     4 ||     7
       Trog's Hand       |       |       |     1 ||     1
  Use: Potion            |     2 |     1 |       ||     3
 Stab: Sleeping          |     1 |       |       ||     1
Armor: Animal skin       |    58 |    41 |    96 ||   195
Dodge: Dodged            |    71 |    73 |   114 ||   258
